 Dungeon Crawl Stone Soup version 0.29-a0-732-g3d7fbe0af2 (webtiles) character file.

Game seed: 419642708378797164

9634 gobodom the Thrower (level 11, -3/80 HPs)
             Began as a Demonspawn Brigand on June 29, 2022.
             Was an Elder of Nemelex Xobeh.
             Slain by a skeletal warrior
             ... wielding a +0 trident
              (17 damage)
             ... on level 10 of the Dungeon.
             The game lasted 01:04:33 (11962 turns).

gobodom the Thrower (Demonspawn Brigand)           Turns: 11962, Time: 01:04:34

Health: -3/80      AC: 15    Str: 16      XL:     11   Next: 25%
Magic:  15/15      EV: 14    Int: 15 (16) God:    Nemelex Xobeh [****..]
Gold:   587        SH:  0    Dex: 21      Spells: 15/16 levels left

rFire   . . .      SeeInvis .   D - +2 rapier (vamp)
rCold   + . .      Faith    .   u - orb {mayhem}
rNeg    . . .      Spirit   .   l - +3 ring mail
rPois   +          Reflect  .   (helmet restricted)
rElec   .          Harm     .   Q - +2 cloak
rCorr   .          Rampage  .   d - +1 pair of gloves
Will    +....                   z - +0 pair of boots
Stlth   ++++......              (no amulet)
HPRegen 0.23/turn               t - +6 ring of dexterity
MPRegen 0.14/turn               C - ring of protection from cold

@: no status effects
A: antennae 2, demonic guardian 2, ignite blood 3, big brain 2, deterioration 1,
strong-willed 1, poison resistance
a: Renounce Religion, Draw Escape, Draw Destruction, Draw Summoning, Triple
Draw, Deal Four


You were on level 10 of the Dungeon.
You worshipped Nemelex Xobeh.
Nemelex Xobeh was greatly pleased with you.
You visited 1 branch of the dungeon, and saw 10 of its levels.

You collected 587 gold pieces.

Inventory:

Hand Weapons
 o - a +2 shortbow of flaming
 r - a +2 flail of protection
 s - a +1 dagger of chaos
 D - a +2 vampiric rapier (weapon)
 H - a +0 whip of electrocution
Armour
 d - a +1 pair of gloves (worn)
 l - a +3 ring mail (worn)
 u - an orb of mayhem (worn)
 z - a +0 pair of boots (worn)
 J - a +1 leather armour of fire resistance
 Q - a +2 cloak (worn)
Jewellery
 q - a +6 ring of intelligence
 t - a +6 ring of dexterity (left hand)
 C - a ring of protection from cold (right hand)
 E - a ring of protection from fire
 F - a ring of willpower
Wands
 i - a wand of digging (4)
 k - a wand of mindburst (9)
 n - a wand of light (5)
 A - a wand of polymorph (2)
Scrolls
 c - a scroll of amnesia
 f - 5 scrolls of teleportation
 G - a scroll of fog
Potions
 g - 6 potions of haste
 h - 5 potions of curing
 j - 3 potions of resistance
 p - 2 potions of might
 v - a potion of mutation
 w - 3 potions of flight
 B - a potion of cancellation
 L - 2 potions of attraction
 P - a potion of berserk rage


   Skills:
 + Level 5.3 Fighting
 + Level 6.9 Short Blades
 + Level 9.3 Throwing
 + Level 3.0 Armour
 + Level 5.5 Dodging
 + Level 8.3 Stealth
 + Level 3.0 Spellcasting
 + Level 2.2 Conjurations
 + Level 2.8 Necromancy
 + Level 0.1 Transmutations
 + Level 0.7 Fire Magic
 + Level 0.1 Invocations
 + Level 1.7 Evocations


You had 15 spell levels left.
You knew the following spells:

 Your Spells              Type           Power      Damage    Failure   Level
b - Foxfire               Conj/Fire      24%        2x1d5     21%         1

Your spell library contained the following spells:

 Spells                   Type           Power      Damage    Failure   Level
 Beastly Appendage        Tmut           4%         N/A       34%         1
 Static Discharge         Conj/Air       5%         N/A       34%         2
 Wereblood                Tmut           2%         N/A       47%         2
 Conjure Flame            Conj/Fire      6%         6-21      52%         3
 Inner Flame              Hex/Fire       3%         N/A       67%         3
 Spider Form              Tmut/Pois      2%         N/A       71%         3
 Ozocubu's Armour         Ice            2%         N/A       73%         3
 Flame Wave               Conj/Fire      6%         2d5       89%         4
 Lightning Bolt           Conj/Air       2%         1d14      100%        5
 Metabolic Englaciation   Hex/Ice        1%         N/A       100%        5
 Simulacrum               Ice/Necr       3%         N/A       100%        6
 Maxwell's Capacitive Co  Air            1%         ∞         100%        8


Dungeon Overview and Level Annotations

Branches:
Dungeon (10/15)            Temple (0/1) D:5            Lair (0/6) D:8
    Orc: D:9-12

Altars:
Ashenzari
Elyvilon
Gozag
Makhleb
Nemelex Xobeh
Qazlal
Trog
Vehumet
Wu Jian
Yredelemnul
Zin

Shops:
D:3 [[[[


Innate Abilities, Weirdness & Mutations

You have a pair of antennae on your head.
A demonic guardian rushes to your aid.
Your demonic aura causes all spilled blood to erupt in flames.
You have an extremely huge brain. (Int +4)
Your body sometimes deteriorates upon taking damage.
You are strong-willed. (Will+)
Your system is resistant to poisons. (rPois)


Message History

Your hellwing hits the vampire mosquito.
Your hellwing hits the vampire mosquito!
The vampire mosquito barely misses you.
You hit the vampire mosquito but do no damage.
The vampire mosquito is almost destroyed.
The vampire mosquito closely misses you.
Your hellwing hits the vampire mosquito but does no damage.
Your hellwing hits the vampire mosquito!
The vampire mosquito is destroyed!
Your hellwing disappears in a puff of smoke!
A two-headed ogre comes into view.
It is wielding a +0 giant club and a +0 dire flail.
m - a poisoned dart
There are no items here.
No target in view!
You see here a yak skeleton.
There is a stone staircase leading down here.
You closely miss the skeletal warrior.
The skeletal warrior hits you with a +0 trident!!
The two-headed ogre shouts in stereo!
You hit the skeletal warrior but do no damage.
The skeletal warrior closely misses you.
You closely miss the skeletal warrior.
The skeletal warrior hits you with a +0 trident.
The skeletal warrior attacks as you move away!
The skeletal warrior hits you with a +0 trident!
The skeletal warrior hits you from afar with a +0 trident!
Your body deteriorates!
You feel dopey.
You are too injured to fight recklessly!
Throw: dart (poison)
Press: ? - help, Q - select action, (/) - cycle Shift-Dir - straight line, f - skeletal warrior
Aim: a skeletal warrior, wielding a +0 trident (68% to hit)
You throw a poisoned dart.
The poisoned dart hits the skeletal warrior.
The skeletal warrior misses you.
The skeletal warrior hits you from afar with a +0 trident!!
* * * LOW HITPOINT WARNING * * *
A demonic guardian appears!
The skeletal warrior hits you from afar with a +0 trident!
You die...
Your body glows slightly and disappears.

.. #.........# #. .....
#.........# #.
.....#######.[.....# #.
.....#.............# #.
#.......÷...........# #.
#...................# #.
#.............##########.
.........§(.))÷.......>..
#.......@§§O)....#.######
#########§°4.....#..#
#§z).(.#(##.#
#.(....#.##.#
#......#..#.#####
#................
#.....##....#####
......##.....#
#.....####...#


You could see a skeletal warrior, a two-headed ogre (ally target) and a friendly
ice devil (summoned).

Vanquished Creatures
  A centaur warrior (D:10)
  An ogre mage (D:10)
  A two-headed ogre (D:9)
  Pikel (D:6)
  3 unseen horror zombies (D:9)
  A komodo dragon (D:7)
  A hornet (D:7)
  Sigmund (D:3)
  2 shadows (D:9)
  4 yaks (D:10)
  3 wyverns
  A human (D:10)
  2 orc warriors
  A sky beast (D:7)
  5 centaurs
  4 ogres
  A wolf (D:10)
  2 lemures (D:6)
  2 kobold brigands
  7 bullfrogs
  A gnoll sergeant (D:8)
  2 scorpions
  12 wights
  A killer bee (D:8)
  An electric eel (D:7)
  2 howler monkeys (D:8)
  A jelly (D:7)
  A centaur zombie (D:9)
  6 orc priests
  A gnoll shaman (D:8)
  A human zombie (D:9)
  11 orc wizards
  Ijyb (D:4)
  Natasha (thrice) (D:3)
  11 iguanas
  A killer bee zombie (D:9)
  4 mummies (D:9)
  A howler monkey zombie (D:9)
  8 adders
  10 gnolls
  4 shadow imps
  2 white imps
  5 ufetubi
  2 dart slugs
  33 orcs
  3 bats
  6 endoplasms
  A giant cockroach (D:2)
  5 hobgoblins
  8 jackals
  3 quokkas
  4 ball pythons
  6 frilled lizards
  7 goblins
  4 kobolds
  6 rats
222 creatures vanquished.

Vanquished Creatures (collateral kills)
  A vampire mosquito (D:10)
  A floating eye (D:10)
  A bullfrog (D:8)
  2 killer bees (D:8)
  A howler monkey (D:10)
  An iguana (D:7)
  2 orc priests
  An orc wizard (D:8)
  2 adders (D:3)
  A dart slug (D:3)
  7 orcs
  2 jackals (D:3)
  A rat (D:3)
23 creatures vanquished.

Vanquished Creatures (others)
  A frilled lizard (D:3)
  A kobold (D:3)
  4 demonic plants (D:7)
  42 foxfires
  4 plants (D:7)
52 creatures vanquished.

Grand Total: 297 creatures vanquished

Notes
Turn   | Place    | Note
-------+----------+-------------------------------------------
     0 | D:1      | gobodom the Demonspawn Brigand began the quest for the Orb.
     0 | D:1      | Reached XP level 1. HP: 16/16 MP: 1/1
   448 | D:1      | Gained mutation: You have a pair of small antennae on your
                  | head. [demonic ancestry]
   448 | D:1      | Reached XP level 2. HP: 11/22 MP: 2/2
   616 | D:1      | You fall into a shaft and drop 1 floor!
  1002 | D:2      | Found a faded altar of an unknown god.
  1892 | D:2      | Prayed at the altar of an unknown god.
  1892 | D:2      | Became a worshipper of Nemelex Xobeh the Trickster
  1892 | D:2      | Reached * piety under Nemelex Xobeh
  1966 | D:3      | Received a gift from Nemelex Xobeh
  1979 | D:3      | Found Rishren's Antique Armour Emporium.
  1982 | D:3      | Gained mutation: You have an unusually large brain. (Int
                  | +2) [demonic ancestry]
  1982 | D:3      | Reached XP level 3. HP: 27/27 MP: 3/3
  2013 | D:3      | Reached skill level 1 in Dodging
  2036 | D:3      | Noticed Sigmund
  2042 | D:3      | Killed Sigmund
  2043 | D:3      | Reached skill level 2 in Throwing
  2043 | D:3      | Reached skill level 5 in Stealth
  2043 | D:3      | Gained mutation: Your demonic aura sometimes causes spilled
                  | blood to erupt in flames. [demonic ancestry]
  2043 | D:3      | Reached XP level 4. HP: 5/34 MP: 4/4
  2043 | D:3      | Gained mutation: You have a pair of antennae on your head.
                  | [demonic ancestry]
  2043 | D:3      | Reached XP level 5. HP: 5/39 MP: 5/5
  2064 | D:3      | Found Imnaoj's Armour Emporium.
  2078 | D:3      | Gained mutation: You have an extremely huge brain. (Int +4)
                  | [demonic ancestry]
  2078 | D:3      | Reached XP level 6. HP: 12/46 MP: 6/6
  2248 | D:3      | Noticed Natasha
  2622 | D:3      | Found Riohomeddi's Antique Armour Boutique.
  2694 | D:3      | Found Vuehem's Armour Shoppe.
  2932 | D:3      | Killed Natasha
  3019 | D:3      | Noticed Natasha
  3033 | D:3      | Killed Natasha
  3134 | D:3      | Noticed Natasha
  3149 | D:3      | Killed Natasha
  3237 | D:4      | Noticed Ijyb
  3255 | D:4      | Killed Ijyb
  3270 | D:4      | Learned a level 1 spell: Beastly Appendage
  3855 | D:4      | Reached ** piety under Nemelex Xobeh
  4305 | D:4      | Gained mutation: Your demonic aura often causes spilled
                  | blood to erupt in flames. [demonic ancestry]
  4305 | D:4      | Reached XP level 7. HP: 34/51 MP: 7/7
  4657 | D:4      | Found an opulent altar of Gozag.
  4751 | D:5      | Entered Level 5 of the Dungeon
  4764 | D:5      | Reached skill level 3 in Throwing
  4770 | D:5      | Found a staircase to the Ecumenical Temple.
  4802 | D:5      | Received a gift from Nemelex Xobeh
  5055 | D:5      | Noticed a wyvern
  5064 | D:5      | Killed a wyvern
  5065 | D:5      | Gained mutation: A weak demonic guardian rushes to your
                  | aid. [demonic ancestry]
  5065 | D:5      | Reached XP level 8. HP: 14/58 MP: 8/8
  5576 | D:5      | Reached skill level 4 in Throwing
  6031 | D:5      | Found an ornate altar of the Wu Jian Council.
  6105 | D:5      | Received a gift from Nemelex Xobeh
  6352 | D:6      | Reached skill level 1 in Armour
  6375 | D:6      | Reached *** piety under Nemelex Xobeh
  6428 | D:6      | Learned a level 1 spell: Foxfire
  6606 | D:6      | Reached skill level 1 in Necromancy
  6737 | D:6      | Noticed Pikel
  6755 | D:6      | Killed Pikel
  6756 | D:6      | Reached skill level 1 in Spellcasting
  6756 | D:6      | Reached skill level 1 in Evocations
  6767 | D:6      | Received a gift from Nemelex Xobeh
  7733 | D:7      | Reached XP level 9. HP: 64/64 MP: 12/12
  7802 | D:7      | Reached skill level 5 in Throwing
  8047 | D:7      | Found a broken altar of Ashenzari.
  8423 | D:7      | Noticed a komodo dragon
  8430 | D:7      | Reached skill level 6 in Throwing
  8476 | D:7      | Killed a komodo dragon
  8706 | D:7      | Reached skill level 5 in Short Blades
  9168 | D:8      | Reached skill level 7 in Throwing
  9192 | D:8      | Found a stormy altar of Qazlal.
  9238 | D:8      | Found a burning altar of Makhleb.
  9711 | D:8      | Reached skill level 1 in Conjurations
  9715 | D:8      | Gained mutation: Your demonic aura causes all spilled blood
                  | to erupt in flames. [demonic ancestry]
  9715 | D:8      | Reached XP level 10. HP: 31/73 MP: 14/14
 10035 | D:8      | Found a staircase to the Lair.
 10109 | D:8      | Gained mutation: You are covered in fur. (AC +1) [potion of
                  | mutation]
 10109 | D:8      | Gained mutation: You are somewhat resistant to further
                  | mutation. [potion of mutation]
 10252 | D:9      | Found a basalt altar of Yredelemnul.
 10625 | D:9      | Reached **** piety under Nemelex Xobeh
 10653 | D:9      | Found a radiant altar of Vehumet.
 10703 | D:9      | Reached skill level 5 in Fighting
 10703 | D:9      | Reached skill level 5 in Dodging
 10959 | D:9      | Noticed a two-headed ogre
 10964 | D:9      | Killed a two-headed ogre
 10965 | D:9      | Reached skill level 8 in Throwing
 11229 | D:9      | Received a gift from Nemelex Xobeh
 11473 | D:9      | Found a bloodstained altar of Trog.
 11614 | D:9      | Lost mutation: You are somewhat resistant to further
                  | mutation. [potion of mutation]
 11614 | D:9      | Lost mutation: You are covered in fur. (AC +1) [potion of
                  | mutation]
 11614 | D:9      | Gained mutation: Your body sometimes deteriorates upon
                  | taking damage. [potion of mutation]
 11614 | D:9      | Gained mutation: Your system is resistant to poisons.
                  | (rPois) [potion of mutation]
 11614 | D:9      | Gained mutation: You are strong-willed. (Will+) [potion of
                  | mutation]
 11628 | D:10     | Entered Level 10 of the Dungeon
 11730 | D:10     | Noticed a skeletal warrior
 11739 | D:10     | Gained mutation: A demonic guardian rushes to your aid.
                  | [demonic ancestry]
 11739 | D:10     | Reached XP level 11. HP: 80/80 MP: 10/15
 11743 | D:10     | Noticed a centaur warrior
 11753 | D:10     | Noticed a boulder beetle
 11755 | D:10     | Killed a centaur warrior
 11756 | D:10     | Reached skill level 9 in Throwing
 11862 | D:10     | Noticed an ogre mage
 11864 | D:10     | Killed an ogre mage
 11945 | D:10     | Noticed a two-headed ogre
 11962 | D:10     | Slain by a skeletal warrior

Illustrated notes

Levels and vault maps discovered:
D:1:      lemuel_arrival_river_ford, layout_basic, serial_shops,
          nicolae_shop_trees, minmay_pentomino_o4
D:2:      layout_basic, dreamdust_ecumenical_altar_statues,
          minmay_quadrilaterals
D:3:      layout_rooms, nicolae_overflow_crystal_walls, serial_shops,
          shop_statue, nicolae_shop_advertising_works
          [nicolae_subvault_shop_adworks], nicolae_square_shop, shop_statue,
          uniq_sigmund, uniq_natasha
D:4:      layout_cave_pools, mainiacjoe_overflow_paths, portal_sewer_entry_e,
          uniq_ijyb
D:5:      layout_gridville, general_overflow_altar, minmay_temple_entry_mist,
          nrook_mini_vaults
D:6:      layout_layer_cave, uniq_pikel
D:7:      layout_loops_ring, nicolae_ashenzari_skybound, serial_demonic,
          serial_demonic_g, serial_demonic_c, serial_demonic_e,
          serial_demonic_f, fountainhead, minmay_lizard_king
D:8:      minmay_general_purpose_star, layout_rooms, lemuel_crystal_altar,
          mainiacjoe_overflow_divided_tiny, hangedman_decor_points
D:9:      layout_roguey, mainiacjoe_overflow_small_starburst,
          lemuel_mausoleum_altar_yredelemnul,
          mainiacjoe_overflow_six_doors_small
D:10:     minmay_cut_squares, layout_basic, kennysheep_mini

Skill      XL: |  1  2  3  4  5  6  7  8  9 10 11 |
---------------+----------------------------------+-----
Stealth        | 4 5 6 7 8 |  8.3
Short Blades   | 2 3 4 5 6 |  6.9
Dodging        | 1 2 3 4 5 |  5.5
Throwing       | 2 3 4 7 8 9 |  9.3
Fighting       | 3 4 5 |  5.3
Armour         | 1 2 3 |  3.0
Necromancy     | 2 |  2.8
Spellcasting   | 2 3 |  3.0
Evocations     | 1 |  1.7
Conjurations   | 1 2 |  2.2
Transmutations | |  0.1
Fire Magic     | |  0.7
Invocations    | |  0.1

Action                   |  1- 3 |  4- 6 |  7- 9 | 10-12 || total
-------------------------+-------+-------+-------+-------++-------
Melee: Dagger            |    72 |   156 |   221 |       ||   449
       Punch             |     2 |     1 |     3 |     2 ||     8
       Kick              |       |     1 |     3 |     1 ||     5
       Rapier            |       |       |    20 |   154 ||   174
Throw: Dart              |     2 |    53 |   111 |    47 ||   213
       Boomerang         |       |       |    50 |    37 ||    87
       Javelin           |       |       |       |     9 ||     9
       Throwing net      |       |       |       |     2 ||     2
 Cast: Beastly Appendage |       |     4 |     1 |     2 ||     7
       Foxfire           |       |       |    25 |     2 ||    27
Invok: Draw Destruction  |     3 |     2 |    24 |     4 ||    33
       Draw Summoning    |     1 |     1 |     2 |     1 ||     5
       Draw Escape       |       |     1 |       |     1 ||     2
       Deal Four         |       |       |       |     1 ||     1
Evoke: Wand              |       |     3 |     7 |     9 ||    19
  Use: Scroll            |       |     3 |     3 |     5 ||    11
       Potion            |       |       |     4 |     3 ||     7
 Stab: Sleeping          |     9 |     1 |    17 |     7 ||    34
       Distracted        |     1 |       |     1 |       ||     2
       Invisible         |       |       |       |     4 ||     4
Armor: Robe              |    15 |    50 |    19 |     4 ||    88
       Leather armour    |       |       |     7 |    35 ||    42
       Ring mail         |       |       |       |    10 ||    10
Dodge: Dodged            |    33 |    97 |   137 |   136 ||   403

Table legend: (Time is in decaauts)
 A = Elapsed time spent in this place.
 B = Non-inter-level travel time spent in this place.
 C = Inter-level travel time spent in this place.
 D = Time resting spent in this place.
 E = Time spent auto-exploring this place.
 F = Levels seen in this place.
 G = Mean time per level.
                   A        B        C        D        E       F      G
               +--------+--------+--------+--------+--------+-----+--------+
         Total |  11821 |  11515 |    306 |   1856 |   6542 |  10 | 1182.1 |
       Dungeon |  11821 |  11515 |    306 |   1856 |   6542 |  10 | 1182.1 |
               +--------+--------+--------+--------+--------+-----+--------+

Top non-repeatable levels by time:
     D:2: 1631 daAuts
     D:9: 1560 daAuts
     D:4: 1534 daAuts
     D:5: 1522 daAuts
     D:6: 1408 daAuts
     D:7: 1290 daAuts
     D:8: 1044 daAuts
     D:3: 954 daAuts
     D:1: 615 daAuts
    D:10: 259 daAuts
